 Dungeon Crawl Stone Soup version 0.27-a0-830-ga1c911b16d (webtiles) character file.

Game seed: 7965471654853141978

6610 Execuda the Grappler (level 10, -2/97 HPs)
             Began as a Troll Fighter on Mar 31, 2021.
             Was a High Priest of Okawaru.
             Slain by a hornet (8 damage)
             ... on level 9 of the Dungeon.
             The game lasted 00:12:47 (7438 turns).

Execuda the Grappler (Troll Fighter)                Turns: 7438, Time: 00:12:47

Health: -2/97      AC:  5    Str: 29    XL:     10   Next: 71%
Magic:  11/13      EV: 12    Int:  1    God:    Okawaru [*****.]
Gold:   240        SH: 14    Dex:  9    Spells: 9/9 levels left

rFire    + + .     SeeInvis .     - Unarmed
rCold    + . .     Faith    .   y - +2 kite shield of Gluttony {Harm rF+ rN+ Int-3}
rNeg     + . .     Spirit   .   a - +0 robe
rPois    .         Reflect  .   (helmet restricted)
rElec    .         Harm     +   m - +0 cloak
rCorr    .         Rampage  .   (gloves unavailable)
Will     .....                  (boots unavailable)
Stlth    +++.......             g - amulet of the Lizard {Acrobat +Blink rF+ rC+ Will-}
HPRegen  1.26/turn              (no ring)
MPRegen  0.13/turn              (no ring)

@: lethally poisoned (-2 -> -4), heroic, slowed, studying 2 skills, very slow
A: large, unfitting armour, claws 3, regeneration 1, shaggy fur 1, tough skin 1
a: Renounce Religion, Evoke Blink, Heroism, Finesse


You were on level 9 of the Dungeon.
You worshipped Okawaru.
Okawaru was extremely pleased with you.
You visited 2 branches of the dungeon, and saw 10 of its levels.

You collected 534 gold pieces.
You spent 294 gold pieces at shops.

Inventory:

Missiles
 i - 3 throwing nets (quivered)
Armour
 a - a +0 robe (worn)
 m - a +0 cloak (worn)
 y - the +2 kite shield of Gluttony (worn) {Harm rF+ rN+ Int-3}
   (You bought it in a shop on level 2 of the Dungeon)

   It affects your intelligence (-3).
   It protects you from fire.
   It protects you from negative energy.
   It increases damage dealt and taken.
Jewellery
 c - a ring of fire
 g - the amulet of the Lizard (around neck) {Acrobat +Blink rF+ rC+ Will-}
   (You acquired it on level 8 of the Dungeon)

   [amulet of the acrobat]

   It increases your evasion while moving and waiting.
   It protects you from fire.
   It protects you from cold.
   It lets you blink.
   It decreases your willpower.
 x - a ring of flight
Wands
 l - a wand of polymorph (8)
Scrolls
 e - 2 scrolls of magic mapping
 f - a scroll of fog {unknown}
 h - a scroll of blinking {unknown}
 j - 3 scrolls of enchant armour {unknown}
 k - 2 scrolls of teleportation {unknown}
 o - a scroll of fear {unknown}
 r - 2 scrolls of brand weapon {unknown}
 t - a scroll of holy word {unknown}
 w - 3 scrolls of vulnerability {unknown}
Potions
 b - a potion of resistance
 d - a potion of brilliance
 n - 3 potions of ambrosia
 q - 3 potions of might
 s - 2 potions of lignification
 u - a potion of berserk rage {unknown}
 v - 5 potions of haste


   Skills:
 + Level 5.6(10.6) Fighting
 - Level 2.0(7.0) Armour
 + Level 5.8(10.8) Dodging
 + Level 5.5(10.5) Shields
 * Level 11.9(16.9) Unarmed Combat
 + Level 5.4 Invocations


You had 9 spell levels left.
You didn't know any spells.
Your spell library contained the following spells:

 Spells                   Type           Power      Damage    Failure   Level
 Magic Dart               Conj           0%         1d3       56%         1
 Blink                    Tloc           N/A        N/A       71%         2
 Call Imp                 Summ           0%         N/A       71%         2
 Slow                     Hex            0%         N/A       71%         2
 Conjure Flame            Conj/Fire      0%         6-21      91%         3
 Mephitic Cloud           Conj/Pois/Air  0%         N/A       91%         3


Dungeon Overview and Level Annotations

Branches:
Dungeon (9/15)             Temple (1/1) D:4
   Lair: D:8-11         Orc: D:9-12

Altars:
Ashenzari
Cheibriados
Dithmenos
Elyvilon
Gozag
Hepliaklqana
Kikubaaqudgha
Nemelex Xobeh
Okawaru
Qazlal
Ru
Trog
Uskayaw
Vehumet
Wu Jian
Yredelemnul
The Shining One

Shops:
D:2 [[   D:5 :   D:8 (

Annotations:
D:6 3 runed translucent doors, martbhell's ghost, novice MiBe


Innate Abilities, Weirdness & Mutations

You are too large for most types of armour.
You have claws for hands.
Your natural rate of healing is unusually fast.
You are covered in fur. (AC +1)
You have tough skin. (AC +1)


Message History

You feel as though you will be slow longer.
The hornet stings you.
You are more poisoned.
You feel as though you will be slow longer.
The hornet stings you.
You suddenly lose the ability to move!
You can move again.
You are too injured to fight recklessly!
You are too injured to fight recklessly!
You are too injured to fight recklessly!
You are too injured to fight recklessly!
You barely miss the hornet.
The hornet is moderately wounded.
You feel very sick. You block the hornet's attack.
You are too injured to fight recklessly!
You closely miss the hornet.
The hornet is moderately wounded.
You feel very sick. You block the hornet's attack. The hornet stings you.
You are more poisoned.
You feel as though you will be slow longer.
You gain the combat prowess of a mighty hero.
You feel extremely sick. The hornet closely misses you. The hornet stings you!
* * * LOW HITPOINT WARNING * * *
You shrug off the repeated paralysis!
You block the hornet's attack.
You closely miss the hornet.
The hornet is moderately wounded.
You feel very sick. The hornet misses you.
You closely miss the hornet.
The hornet is moderately wounded.
You feel very sick. You block the hornet's attack. The hornet stings you!
* * * LOW HITPOINT WARNING * * *
You feel as though you will be slow longer.
You barely miss the hornet.
The hornet is moderately wounded.
You feel sick. The hornet stings you!
You die...

. .. ... # .....
.....##. .....
.....++..#########......
.....# .........@y#
#.##########
.....######.......#
#.#.........
..................#
#...<.......
.............######
#..y.....<..
.............#
#...........
.............#
#.†.........
.....######.##
#.#......... ###### #.#
#.#......... .# #.#
#.#.[....##.


You could see a hornet.

Vanquished Creatures
  Erica (D:8)
  Pikel (D:4)
  2 komodo dragons
  Prince Ribbit (D:9)
  Grinder (D:4)
  Sigmund (D:3)
  5 yaks (D:9)
  A steam dragon (D:7)
  A water moccasin (D:9)
  2 orc warriors
  5 ogres
  A necrophage (D:4)
  2 sky beasts
  2 black bears
  A centaur (D:6)
  3 kobold brigands
  2 gnoll sergeants
  4 scorpions
  A wyvern skeleton (D:5)
  A water moccasin skeleton (D:5)
  5 killer bees
  8 wights
  An electric eel (D:8)
  A howler monkey (D:9)
  A bullfrog zombie (D:5)
  2 centaur zombies (D:5)
  3 orc priests
  A gnoll shaman (D:6)
  3 hounds
  5 jellies
  2 iguanas (D:4)
  5 orc wizards
  Ijyb (D:3)
  A killer bee zombie (D:6)
  2 howler monkey zombies
  16 gnolls
  14 adders
  2 shadow imps (D:7)
  3 white imps
  A dart slug (D:1)
  15 orcs
  2 bats
  8 endoplasms
  3 giant cockroaches
  5 goblins
  9 hobgoblins
  2 jackals (D:1)
  4 quokkas
  9 ball pythons
  2 frilled lizards
  18 kobolds
  A rat (D:1)
193 creatures vanquished.

Notes
Turn   | Place    | Note
-------+----------+-------------------------------------------
     0 | D:1      | Execuda the Troll Fighter began the quest for the Orb.
     0 | D:1      | Reached XP level 1. HP: 22/22 MP: 0/0
   346 | D:1      | Reached XP level 2. HP: 29/29 MP: 1/1
   448 | D:1      | Reached skill level 3 in Unarmed Combat
   759 | D:2      | Reached XP level 3. HP: 36/36 MP: 2/2
   816 | D:2      | Found Poor Bac's Antique Armour Shop.
   830 | D:2      | Reached skill level 4 in Unarmed Combat
   985 | D:2      | Reached XP level 4. HP: 44/44 MP: 3/3
  1069 | D:2      | Found Enutunu's Armour Emporium.
  1399 | D:3      | Found an ancient bone altar of Kikubaaqudgha.
  1455 | D:3      | Noticed Sigmund
  1464 | D:3      | Killed Sigmund
  1465 | D:3      | Reached skill level 6 in Unarmed Combat
  1465 | D:3      | Reached XP level 5. HP: 26/50 MP: 4/4
  1534 | D:3      | Noticed Ijyb
  1579 | D:2      | Reached XP level 6. HP: 59/59 MP: 5/5
  1757 | D:3      | Killed Ijyb
  2075 | D:3      | Reached skill level 7 in Unarmed Combat
  2151 | D:4      | Found a staircase to the Ecumenical Temple.
  2166 | Temple   | Entered the Ecumenical Temple
  2174 | Temple   | Became a worshipper of Warmaster Okawaru
  2262 | D:4      | Reached XP level 7. HP: 60/66 MP: 6/6
  2421 | D:4      | Noticed Pikel
  2434 | D:4      | Killed Pikel
  2434 | D:4      | Reached * piety under Okawaru
  2435 | D:4      | Reached skill level 1 in Armour
  2435 | D:4      | Reached skill level 1 in Invocations
  2435 | D:4      | Reached XP level 8. HP: 32/75 MP: 6/8
  2488 | D:4      | Reached skill level 8 in Unarmed Combat
  2816 | D:4      | Noticed Grinder
  2821 | D:4      | Killed Grinder
  2909 | D:4      | Found a snail-covered altar of Cheibriados.
  3067 | D:4      | Reached ** piety under Okawaru
  3225 | D:5      | Entered Level 5 of the Dungeon
  3462 | D:5      | Found Axkuororr's Book Emporium.
  3620 | D:5      | Reached XP level 9. HP: 84/84 MP: 10/10
  3632 | D:5      | Reached skill level 9 in Unarmed Combat
  4147 | D:5      | Identified the +3 leather armour of Repulsion {Will+}
  4419 | D:6      | Found a hide-covered altar of Uskayaw.
  4814 | D:6      | Found a shadowy altar of Dithmenos.
  4862 | D:6      | Found an ornate altar of the Wu Jian Council.
  4892 | D:6      | Found a runed translucent gate.
  4892 | D:6      | Found a runed translucent gate.
  4896 | D:6      | Found a runed translucent gate.
  4897 | D:6      | Noticed martbhell's ghost (novice MiBe)
  5047 | D:6      | Found a white marble altar of Elyvilon.
  5281 | D:7      | Found a bloodstained altar of Trog.
  5308 | D:7      | Reached *** piety under Okawaru
  5798 | D:2      | Bought a glimmering kite shield for 294 gold pieces
  5798 | D:2      | Identified the +2 kite shield of Gluttony {Harm rF+ rN+
                  | Int-3} (You bought it in a shop on level 2 of the Dungeon)
  6275 | D:7      | Reached skill level 10 in Unarmed Combat
  6617 | D:8      | Identified 3 scrolls of acquirement
  6617 | D:8      | Acquired a manual of Unarmed Combat
  6619 | D:8      | Acquired a manual of Dodging
  6621 | D:8      | Acquired the amulet of the Lizard {Acrobat +Blink rF+ rC+
                  | Will-}
  6768 | D:8      | Noticed Erica
  6777 | D:8      | Killed Erica
  6777 | D:8      | Reached **** piety under Okawaru
  6778 | D:8      | Reached skill level 5 in Fighting
  6778 | D:8      | Reached skill level 5 in Dodging
  6778 | D:8      | Reached skill level 5 in Shields
  6778 | D:8      | Reached XP level 10. HP: 63/96 MP: 9/12
  6913 | D:8      | Reached skill level 11 in Unarmed Combat
  6989 | D:8      | Found a sparkling altar of Nemelex Xobeh.
  7068 | D:8      | Found Qarujare's Weapon Emporium.
  7220 | D:9      | Reached skill level 5 in Invocations
  7221 | D:9      | Noticed Prince Ribbit
  7233 | D:9      | Noticed a two-headed ogre
  7243 | D:9      | Killed Prince Ribbit
  7243 | D:9      | Reached ***** piety under Okawaru
  7250 | D:9      | Noticed a centaur warrior
  7269 | D:9      | Noticed a glowing shapeshifter
  7269 | D:9      | a centaur warrior changed into a glowing shapeshifter
  7270 | D:9      | Noticed a manticore
  7270 | D:9      | a glowing shapeshifter changed into a manticore
  7272 | D:9      | Noticed a two-headed ogre
  7272 | D:9      | a manticore changed into a two-headed ogre
  7294 | D:8      | HP: 4/145 [killer bee (6)]
  7432 | D:9      | Paralysed by a hornet for 1 turns
  7438 | D:9      | Slain by a hornet

Illustrated notes

Levels and vault maps discovered:
D:1:      giann_horns, layout_loops_ring, serial_bayou_ford_a
D:2:      layout_rooms, serial_shops, shop, shop_statue
D:3:      layout_rooms, overflow_temple_1_default, minmay_snake_closets,
          uniq_sigmund, uniq_ijyb
D:4:      layout_loops_corners, nicolae_overflow_hidden_temple,
          minmay_temple_entry_crystal_x, uniq_grinder, uniq_pikel
D:5:      layout_basic, serial_shops, shop_fountains, st_stairs_14,
          chequers_decorated_corner, minmay_misc_feat_columns
D:6:      layout_gridville, nzn_wu_jian_council_hall,
          nicolae_elyvilon_temple_path, lemuel_crystal_altar,
          eat_drink_and_be_merry_uskayaw, gammafunk_ghost_necromancy,
          chequers_mini_garden
D:7:      layout_loops_cross, old_standard_altar, nicolae_sextant
D:8:      layout_rooms, nemelex_xobeh_ov_fountains_minmay, serial_shops,
          kennysheep_little_box, kennysheep_donut, uniq_erica
D:9:      minmay_bloctagon, layout_basic, demons_altar, serial_corexii_hall,
          corexii_hall_statues_l, chequers_hall_statues_wall_a,
          corexii_hall_statues_u, corexii_hall_statues_s, uniq_prince_ribbit1
Temple:   cyrus_circular_temple

Skill      XL: |  1  2  3  4  5  6  7  8  9 10 |
---------------+-------------------------------+-----
Unarmed Combat | 3 4 6 7 8 10 11 | 11.9
Fighting       | 3 4 5 |  5.6
Armour         | 1 2 |  2.0
Dodging        | 3 5 |  5.8
Shields        | 3 5 |  5.5
Invocations    | 1 3 4 5 |  5.4

Action                   |  1- 3 |  4- 6 |  7- 9 | 10-12 || total
-------------------------+-------+-------+-------+-------++-------
Melee: Unarmed           |    88 |   101 |   259 |    79 ||   527
Invok: Heroism           |       |       |     4 |     4 ||     8
Evoke: Wand              |       |       |    10 |     3 ||    13
  Use: Potion            |       |     1 |       |     3 ||     4
       Scroll            |       |       |    11 |     1 ||    12
Armor: Robe              |    30 |    15 |    31 |     3 ||    79
       Skin              |       |       |       |    18 ||    18
Dodge: Dodged            |    23 |    15 |    70 |    40 ||   148
Block: Kite shield       |    26 |    44 |   110 |    56 ||   236

Table legend: (Time is in decaauts)
 A = Elapsed time spent in this place.
 B = Non-inter-level travel time spent in this place.
 C = Inter-level travel time spent in this place.
 D = Time resting spent in this place.
 E = Time spent auto-exploring this place.
 F = Levels seen in this place.
 G = Mean time per level.
                   A        B        C        D        E       F      G
               +--------+--------+--------+--------+--------+-----+--------+
         Total |   7470 |   6841 |    629 |    686 |   4721 |  10 |  747.0 |
       Dungeon |   7452 |   6831 |    621 |    686 |   4719 |   9 |  828.0 |
        Temple |     17 |      9 |      8 |      0 |      2 |   1 |   17.0 |
               +--------+--------+--------+--------+--------+-----+--------+

Top non-repeatable levels by time:
     D:4: 1220 daAuts
     D:5: 1155 daAuts
     D:7: 1074 daAuts
     D:6: 916 daAuts
     D:2: 821 daAuts
     D:1: 764 daAuts
     D:8: 665 daAuts
     D:3: 654 daAuts
     D:9: 180 daAuts
  Temple: 17 daAuts
